 Dungeon Crawl Stone Soup version 0.19-b1-4-gd8a0a2a (webtiles) character file.

2238 Franakus the Destroyer (level 9, -7/48 HPs)
             Began as a Deep Elf Conjurer on Oct 30, 2016.
             Was a Follower of Vehumet.
             Mangled by a hill giant
             ... wielding a +0 giant spiked club
              (36 damage)
             ... on level 8 of the Dungeon.
             The game lasted 01:24:04 (5456 turns).

Franakus the Destroyer (Deep Elf Conjurer)          Turns: 5456, Time: 01:24:07

Health: -7/48      AC:  4    Str:  5    XL:     9   Next: 14%
Magic:  8/22       EV: 15    Int: 24    God:    Vehumet [*.....]
Gold:   386        SH:  0    Dex: 13    Spells: 7 memorised, 1 level left

rFire  . . .     SeeInvis .     l - +2 dagger (elec)
rCold  . . .     Gourm    .     a - +0 robe
rNeg   . . .     Faith    +     (no shield)
rPois  .         Spirit   .     d - +1 hat
rElec  .         Reflect  .     w - +0 cloak
rCorr  .         Harm     .     (no gloves)
MR     +....                    (no boots)
Stlth  +++.......               F - amulet of faith
                                (no ring)
                                y - ring of protection from magic

@: starving
A: hooves 1, horns 2, clumsy 1
a: Renounce Religion


You were on level 8 of the Dungeon.
You worshipped Vehumet.
Vehumet was aware of your devotion.
You were starving.

You visited 2 branches of the dungeon, and saw 11 of its levels.

You collected 386 gold pieces.

Inventory:

Hand Weapons
 l - a +2 dagger of electrocution (weapon)
 r - a +0 hunting sling
Missiles
 g - 82 stones (quivered)
 j - 27 sling bullets
 q - a throwing net
 B - 4 silver javelins
Armour
 a - a +0 robe (worn)
 d - a +1 hat (worn)
 t - a +0 helmet
 w - a +0 cloak (worn)
Jewellery
 y - a ring of protection from magic (left hand)
 F - an amulet of faith (around neck)
Wands
 z - a wand of enslavement (3/24)
Scrolls
 k - a scroll of random uselessness
 o - a scroll of noise
 p - 5 scrolls of remove curse
 u - a scroll of teleportation
 D - a scroll of immolation
 H - 2 scrolls of recharging
 J - a scroll of magic mapping {unknown}
 O - a scroll of amnesia {unknown}
Potions
 e - 3 potions of lignification
 h - a potion of flight {unknown}
 m - a potion of curing {unknown}
 s - a potion of brilliance
 G - a potion of resistance
 K - a potion of haste {unknown}
 M - a potion of magic {unknown}
 N - a potion of agility {unknown}
Books
 b - a book of Conjurations

   Spells                             Type                      Level
   a - Magic Dart                     Conjuration                  1
   b - Searing Ray                    Conjuration                  2
   c - Dazzling Spray                 Conjuration/Hexes            3
   d - Fulminant Prism                Conjuration/Hexes            4
   e - Iskenderun's Mystic Blast      Conjuration                  4
   f - Iskenderun's Battlesphere      Conjuration/Charms           5
 x - a book of Maledictions

   Spells                             Type                      Level
   a - Corona                         Hexes                        1
   b - Ensorcelled Hibernation        Hexes/Ice                    2
   c - Confuse                        Hexes                        3
   d - Tukima's Dance                 Hexes                        3
   e - Dazzling Spray                 Conjuration/Hexes            3
 A - a book of Flames

   Spells                             Type                      Level
   a - Flame Tongue                   Conjuration/Fire             1
   b - Throw Flame                    Conjuration/Fire             2
   c - Conjure Flame                  Conjuration/Fire             3
   d - Inner Flame                    Hexes/Fire                   3
   e - Sticky Flame                   Conjuration/Fire             4
   f - Fireball                       Conjuration/Fire             5
 L - a book of Geomancy

   Spells                             Type                      Level
   a - Sandblast                      Earth                        1
   b - Passwall                       Transmutation/Earth          2
   c - Stone Arrow                    Conjuration/Earth            3
   d - Petrify                        Transmutation/Earth          4
   e - Lee's Rapid Deconstruction     Earth                        5
Comestibles
 c - 5 bread rations
 C - 4 meat rations
 I - a slice of pizza


   Skills:
 - Level 2.0 Fighting
   Level 0.4 Maces & Flails
 - Level 0.5 Slings
 - Level 6.0 Dodging
 - Level 5.5 Stealth
 - Level 7.7 Spellcasting
 - Level 8.2 Conjurations
 * Level 5.3 Charms
 - Level 4.0 Fire Magic


You had one spell level left.
You knew the following spells:

 Your Spells              Type           Power        Failure   Level  Hunger
a - Magic Dart            Conj           ####         1%          1    None
b - Searing Ray           Conj           #####.       1%          2    None
c - Iskenderun's Mystic   Conj           #####...     2%          4    ###....
d - Throw Flame           Conj/Fire      #####.       1%          2    None
e - Conjure Flame         Conj/Fire      #####...     1%          3    None
f - Fireball              Conj/Fire      #####.....   17%         5    #####..
g - Iskenderun's Battles  Conj/Chrm      #####...     14%         5    #####..


Dungeon Overview and Level Annotations

Branches:
Dungeon (10/15)            Temple (1/1) D:5             Orc (0/2) D:10
   Lair: D:8-11

Altars:
Ashenzari
Cheibriados
Dithmenos
Elyvilon
Fedhas
Gozag
Hepliaklqana
Makhleb
Nemelex Xobeh
Okawaru
Qazlal
Ru
Sif Muna
Trog
Uskayaw
Vehumet
Xom
Yredelemnul
Zin
The Shining One

Shops:
D:10 [

Annotations:
D:3 Sigmund
D:8 Gastronok


Innate Abilities, Weirdness & Mutations

You have large cloven feet.
You have a pair of horns on your head.
You are clumsy. (Dex -2)


Message History

Casting: Fireball
Confirm with . or Enter, or press ? or * to list all spells.
Aiming: Fireball
Press: ? - help, Shift-Dir - straight line, p - hill giant The fireball explodes!
The fireball engulfs the hill giant.
The hill giant is heavily wounded.
You are starving!
Your battlesphere fires!
The barrage of energy hits the hill giant.
The hill giant is severely wounded.
The hill giant barely misses you.
You don't have the energy to cast that spell.
You start eating one of the 4 meat rations.
Keep eating?
You continue eating.
The hill giant closely misses you.
You continue eating.
The hill giant hits you with a giant spiked club!!!
Ouch! That really hurt!
You die...

####
#############.....
..................
#####....*..##.....
............# ###
#####.......#
#..C....# ###@#####
#.# #.# ####.#
#....# #.#### #.#
#.#
#################
#.#
#................


You could see a hill giant and a friendly battlesphere.

Vanquished Creatures
  An orc warrior (D:10)
  A black bear (D:6)
  A necrophage (D:6)
  2 sky beasts
  A phantom (D:7)
  2 ogres
  3 centaurs
  4 bullfrogs
  A water moccasin skeleton (D:7)
  A howler monkey (D:6)
  2 crimson imps
  A jelly (D:5)
  3 orc priests
  Crazy Yiuf (D:2)
  3 hounds
  An orc wizard (D:6)
  4 iguanas
  A bullfrog skeleton (D:9)
  6 worker ants
  Robin (D:2)
  7 adders
  3 oozes
  2 adder zombies
  An adder skeleton (D:6)
  A worm (D:2)
  3 dart slugs
  4 leopard geckos
  15 orcs
  A ball python (D:6)
  9 giant cockroaches
  16 goblins
  8 hobgoblins
  7 jackals
  5 quokkas
  9 bats
  4 frilled lizards
  9 kobolds
  8 rats
152 creatures vanquished.

Vanquished Creatures (collateral kills)
  An orc warrior (D:10)
  An ogre (D:10)
  A phantom (D:8)
  A bullfrog zombie (D:10)
  2 orcs (D:10)
6 creatures vanquished.

Grand Total: 158 creatures vanquished

Notes
Turn   | Place    | Note
-------+----------+-------------------------------------------
     0 | D:1      | Franakus the Deep Elf Conjurer began the quest for the Orb.
     0 | D:1      | Reached XP level 1. HP: 10/10 MP: 6/6
    90 | D:1      | Reached XP level 2. HP: 11/15 MP: 1/8
    94 | D:1      | Learned a level 2 spell: Searing Ray
   277 | D:1      | Reached skill level 5 in Conjurations
   487 | D:1      | Reached XP level 3. HP: 16/19 MP: 9/9
   883 | D:2      | Reached XP level 4. HP: 20/24 MP: 2/11
   889 | D:2      | Learned a level 4 spell: Iskenderun's Mystic Blast
   922 | D:2      | Noticed Robin
   962 | D:2      | Killed Robin
  1147 | D:2      | Found a runed door.
  1152 | D:2      | Noticed Crazy Yiuf
  1158 | D:2      | Killed Crazy Yiuf
  1428 | D:3      | Noticed a bullfrog
  1432 | D:3      | Killed a bullfrog
  1432 | D:3      | Reached skill level 1 in Fighting
  1432 | D:3      | Reached skill level 6 in Conjurations
  1432 | D:3      | Reached XP level 5. HP: 28/29 MP: 8/13
  1691 | D:3      | Found a shattered altar of Ashenzari.
  1839 | D:3      | Noticed Sigmund
  2202 | D:3      | Reached skill level 5 in Spellcasting
  2247 | D:4      | Reached XP level 6. HP: 34/34 MP: 10/15
  2370 | D:4      | Found an iron altar of Okawaru.
  2508 | D:4      | Noticed a sky beast
  2522 | D:4      | Killed a sky beast
  2528 | D:4      | Gained mutation: You have a pair of small horns on your head. [mutagenic meat]
  2671 | D:5      | Entered Level 5 of the Dungeon
  2802 | D:5      | Reached XP level 7. HP: 38/38 MP: 11/17
  2806 | D:5      | Learned a level 2 spell: Throw Flame
  2810 | D:5      | Learned a level 3 spell: Conjure Flame
  2887 | D:5      | Found a staircase to the Ecumenical Temple.
  2902 | Temple   | Entered the Ecumenical Temple
  3042 | Temple   | Became a worshipper of Vehumet
  3400 | D:5      | Reached skill level 1 in Fire Magic
  3405 | D:5      | Gained mutation: You have a pair of horns on your head. [mutagenic meat]
  3407 | D:5      | Gained mutation: You have large cloven feet. [mutagenic meat]
  3408 | D:5      | Gained mutation: You are clumsy. (Dex -2) [mutagenic meat]
  3846 | D:5      | Reached skill level 7 in Conjurations
  4094 | D:6      | Reached XP level 8. HP: 32/44 MP: 12/19
  4105 | D:6      | Found a shimmering altar of Xom.
  4106 | D:6      | Found a hazy altar of Hepliaklqana.
  4106 | D:6      | Found a sparkling altar of Nemelex Xobeh.
  4135 | D:6      | Reached skill level 5 in Dodging
  4135 | D:6      | Reached skill level 5 in Stealth
  4331 | D:6      | Learned a level 5 spell: Fireball
  4370 | D:6      | Found an opulent altar of Gozag.
  4593 | D:6      | Reached * piety under Vehumet
  4593 | D:6      | Offered knowledge of Sting by Vehumet.
  4680 | D:6      | Found a snail-covered altar of Cheibriados.
  4712 | D:6      | Reached skill level 8 in Conjurations
  4975 | D:7      | Learned a level 5 spell: Iskenderun's Battlesphere
  5008 | D:7      | You fall through a shaft for 3 floors!
  5008 | D:10     | Entered Level 10 of the Dungeon
  5008 | D:10     | Found a staircase to the Orcish Mines.
  5008 | D:10     | Found Garhoej's Armour Emporium.
  5019 | D:10     | Reached skill level 1 in Charms
  5030 | D:10     | Reached XP level 9. HP: 38/48 MP: 14/22
  5213 | D:10     | Noticed a hill giant
  5288 | D:8      | Noticed a hill giant
  5308 | D:8      | Noticed Gastronok
  5366 | D:8      | Reached skill level 5 in Charms
  5456 | D:8      | Mangled by a hill giant

Skill      XL: |  1  2  3  4  5  6  7  8  9 |
---------------+----------------------------+-----
Conjurations   | 5 6 7 8 |  8.2
Spellcasting   | 4 5 6 7 |  7.7
Fighting       | 1 2 |  2.0
Stealth        | 3 4 5 |  5.5
Dodging        | 3 4 6 |  6.0
Fire Magic     | 2 4 |  4.0
Charms         | 2 5 |  5.3
Maces & Flails | |  0.4
Slings         | |  0.5

Action                   |  1- 3 |  4- 6 |  7- 9 || total
-------------------------+-------+-------+-------++-------
Melee: Dagger            |    18 |    35 |    12 ||    65
       Kick              |       |       |     4 ||     4
       Flail             |       |       |     4 ||     4
       Headbutt          |       |       |     1 ||     1
 Fire: Hunting sling     |       |    12 |       ||    12
Throw: Stone             |       |    14 |       ||    14
 Cast: Magic Dart        |    49 |    47 |    59 ||   155
       Searing Ray       |     6 |    16 |    33 ||    55
       Iskenderun's Myst |       |       |     9 ||     9
       Throw Flame       |       |       |     8 ||     8
       Fireball          |       |       |     5 ||     5
       Iskenderun's Batt |       |       |     3 ||     3
Evoke: Wand              |       |       |     7 ||     7
  Use: Scroll            |       |     3 |     4 ||     7
       Potion            |       |       |     5 ||     5
 Stab: Sleeping          |       |     1 |     2 ||     3
  Eat: Chunk             |       |     6 |     9 ||    15
       Bread ration      |       |       |     1 ||     1
       Beef jerky        |       |       |     1 ||     1
Armor: Robe              |     3 |    22 |    13 ||    38
Dodge: Dodged            |    17 |    37 |    81 ||   135
